 Dungeon Crawl Stone Soup version 0.28.0 (webtiles) character file.

Game seed: 1773895364636967621

11 Arcadio the Sneak (level 2, 0/24 HPs)
             Began as a Naga Hedge Wizard on Feb 10, 2022.
             Slain by a jackal (2 damage)
             ... on level 1 of the Dungeon.
             The game lasted 00:03:18 (645 turns).

Arcadio the Sneak (Naga Hedge Wizard)                Turns: 645, Time: 00:03:19

Health: 0/24       AC:  1    Str: 12    XL:     2   Next: 25%
Magic:  4/15       EV:  9    Int: 14    God:
Gold:   7          SH:  0    Dex: 10    Spells: 2/7 levels left

rFire   . . .      SeeInvis +   a - +0 dagger
rCold   . . .      Faith    .   (no shield)
rNeg    . . .      Spirit   .   b - +0 robe
rPois   +          Reflect  .   c - +0 hat
rElec   .          Harm     .   (no cloak)
rCorr   .          Rampage  .   (no gloves)
Will    .....                   (no barding)
Stlth   ++........              (no amulet)
HPRegen 0.08/turn               e - ring of magical power
MPRegen 0.14/turn               (no ring)

@: short of breath, very slow
A: AC +0, large, see invisible, deformed body, poison resistance, slowness 2,
spit poison 1, naga tail 1
a: Spit Poison


You were on level 1 of the Dungeon.
You visited 1 branch of the dungeon, and saw 1 of its levels.

You collected 7 gold pieces.

Inventory:

Hand Weapons
 a - a +0 dagger (weapon)
Armour
 b - a +0 robe (worn)
 c - a +0 hat (worn)
Jewellery
 e - a ring of magical power (left hand)
Scrolls
 d - a scroll of fog {unknown}


   Skills:
 + Level 0.6 Fighting
 - Level 1.5 Dodging
 + Level 3.3 Stealth
 + Level 3.1 Spellcasting
 + Level 1.3 Conjurations
 - Level 1.0 Summonings
 - Level 1.0 Translocations


You had 2 spell levels left.
You knew the following spells:

 Your Spells              Type           Power      Damage    Failure   Level
a - Magic Dart            Conj           24%        1d4       12%         1
b - Blink                 Tloc           10%        N/A       22%         2
c - Call Imp              Summ           5%         N/A       22%         2

Your spell library contained the following spells:

 Spells                   Type           Power      Damage    Failure   Level
 Slow                     Hex            8%         N/A       22%         1
 Conjure Flame            Conj/Fire      4%         6-21      43%         3
 Mephitic Cloud           Conj/Pois/Air  3%         N/A       47%         3


Dungeon Overview and Level Annotations

Branches:
Dungeon (1/15)

Altars:


Innate Abilities, Weirdness & Mutations

Your serpentine skin is tough. (AC +0)
You have supernaturally acute eyesight. (SInv)
Armour fits poorly on your strangely shaped body.
Your system is resistant to poisons. (rPois)
You cover ground very slowly.
You can spit poison.
You have a snake-like lower body.


Message History

The jackal is heavily wounded.
The jackal bites you. x2
You swap places.
You have got your breath back.
The jackal barely misses you. The jackal misses your crimson imp.
The jackal bites you.
Your crimson imp barely misses the jackal.
The jackal misses your crimson imp.
You barely miss the jackal. The jackal bites you.
The jackal bites your crimson imp but does no damage.
Your crimson imp blinks!
The jackal stops to sniff the ground.
The jackal bites you.
You barely miss the jackal. The jackal bites you.
Your crimson imp blinks!
The jackal bites you. The jackal closely misses you. The jackal bites you.
The jackal bites you.
* * * LOW HITPOINT WARNING * * *
The jackal bites you.
* * * LOW HITPOINT WARNING * * *
Casting: Call Imp (safe; 22% risk of failure)
Confirm with . or Enter, or press ? or * to list all spells.
You blink.
Aiming: Spit Poison (2% risk of failure)
Press: ? - help, Shift-Dir - straight line, f/p - jackal
Aim: a jackal (50% to hit)
The splash of poison hits the jackal!
The jackal is poisoned.
You kill the jackal!
You feel stable enough to blink again.
Your crimson imp blinks!
Your crimson imp disappears in a puff of smoke!
The jackal closely misses you.
The jackal bites you but does no damage.
The jackal bites you.
* * * LOW HITPOINT WARNING * * *
The jackal bites you.
* * * LOW HITPOINT WARNING * * *
The jackal bites you.
You die...

# #####.## #.#
#......# #.#
#......# #.#
#......# #.# #
#......# #.# .#
#......# #.## ..
#......###..# .#
#.......###.###.#
#...........h@..#
#...........h####
######.......#
##..###.## ##.#
#..# #.# ##†##
#.# #...### #..
#.....# #.#)#.#


You could see 2 jackals.

Vanquished Creatures
  An endoplasm (D:1)
  A goblin (D:1)
  A jackal (D:1)
  A kobold (D:1)
  A quokka (D:1)
  3 ball pythons (D:1)
  A frilled lizard (D:1)
9 creatures vanquished.

Notes
Turn   | Place    | Note
-------+----------+-------------------------------------------
     0 | D:1      | Arcadio the Naga Hedge Wizard began the quest for the Orb.
     0 | D:1      | Reached XP level 1. HP: 15/15 MP: 4/4
   207 | D:1      | Reached XP level 2. HP: 24/24 MP: 3/6
   210 | D:1      | Learned a level 2 spell: Blink
   213 | D:1      | Learned a level 2 spell: Call Imp
   645 | D:1      | Slain by a jackal

Illustrated notes

Levels and vault maps discovered:
D:1:      evilmike_arrival_plus, layout_basic,
          dreamdust_ecumenical_altar_angels_and_demons, st_stairs_2,
          wad_floor_pattern_untrapped

Action                   || total
-------------------------++-------
Melee: Dagger            ||    11
       Punch             ||     1
 Cast: Magic Dart        ||    17
       Call Imp          ||     2
       Blink             ||     1
 Abil: Spit Poison       ||     4
 Stab: Sleeping          ||     1
Armor: Robe              ||     1
Dodge: Dodged            ||    14
